 Dungeon Crawl Stone Soup version 0.20.1-1-g8b1a95d (webtiles) character file.

163 renl the Ruffian (level 5, 0/45 HPs)
             Began as a Ghoul Monk on July 9, 2017.
             Slain by Purgy (2 damage)
             ... in a sewer.
             The game lasted 00:07:57 (1622 turns).

renl the Ruffian (Ghoul Monk)                       Turns: 1622, Time: 00:07:57

Health: 0/45       AC:  7    Str: 16    XL:     5   Next: 44%
Magic:  4/4        EV: 10    Int:  5    God:
Gold:   91         SH:  0    Dex: 11    Spells: 4/4 levels left

rFire    . . .     SeeInvis .     - Unarmed
rCold    + . .     Gourm    .   (no shield)
rNeg     + + +     Faith    .   a - +0 scale mail
rPois    ∞         Spirit   .   j - +0 helmet
rElec    .         Reflect  .   (no cloak)
rCorr    .         Harm     .   (no gloves)
MR       .....                  (no boots)
Stlth    ..........             (no amulet)
Regen    0.0/turn               (no ring)
MPRegen  0.1/turn               (no ring)

@: rotting
A: rotting body, claws 1, carnivore 3, cold resistance 1, negative energy
resistance 3, inhibited regeneration, torment resistance, unbreathing
a: no special abilities


You were in a sewer.
You were not hungry.

You visited 1 branch of the dungeon, and saw 3 of its levels.
You also visited: Sewer.

You collected 91 gold pieces.

Inventory:

Armour
 a - a +0 scale mail (worn)
 j - a +0 helmet (worn)
Scrolls
 e - a scroll of amnesia {unknown}
 h - a scroll of fog {unknown}
 i - 2 scrolls of identify {unknown}
 l - a scroll of blinking {unknown}
Potions
 d - 4 potions of flight {unknown}
 f - a potion of heal wounds {unknown}
 g - a potion of ambrosia {unknown}
 k - 2 potions of curing {unknown}
 m - 2 potions of might {unknown}
Comestibles
 b - a meat ration
 c - a royal jelly


   Skills:
 + Level 3.6 Fighting
 + Level 1.1 Armour
 + Level 3.1 Dodging
 - Level 2.1 Stealth
 * Level 5.7 Unarmed Combat


You had 4 spell levels left.
You didn't know any spells.

Dungeon Overview and Level Annotations

Branches:
Dungeon (3/15)

Altars:

Annotations:
D:3 gimmethegepgun's ghost, amateur DrTm Sewer Purgy


Innate Abilities, Weirdness & Mutations

Your body is rotting away.
You thrive on raw meat.
You are immune to poison.
You have sharp fingernails.
You are carnivorous and can eat meat at any time.
Your flesh is cold resistant. (rC+)
You are immune to negative energy. (rN+++)
You do not regenerate when monsters are visible.
You are immune to unholy pain and torment.
You can survive without breathing.


Message History

Purgy is heavily wounded.
Purgy bites you.
* * * LOW HITPOINT WARNING * * *
Purgy claws you but does no damage. x2
You barely miss Purgy.
Purgy is heavily wounded.
Purgy hisses, "I bite!"
Purgy bites you.
* * * LOW HITPOINT WARNING * * *
Purgy claws you.
* * * LOW HITPOINT WARNING * * *
Purgy misses you.
You eat one of the 2 meat rations.
That meat ration really hit the spot!
Purgy bites you but does no damage. Purgy claws you but does no damage.
Purgy claws you.
* * * LOW HITPOINT WARNING * * *
You scratch Purgy.
Purgy is heavily wounded.
Purgy bites you but does no damage. Purgy barely misses you. Purgy claws you.
You die...

#≈≈≈≈≈≈≈≈≈≈≈≈≈≈≈≈
##≈≈≈≈≈≈≈≈≈≈≈≈≈≈≈≈
###≈≈≈≈≈≈≈≈≈≈≈≈≈≈≈≈≈
##≈≈≈≈≈≈≈≈≈≈≈≈≈≈≈≈≈≈≈
##≈≈≈≈≈≈≈≈≈≈≈≈≈≈≈.≈≈≈
#≈≈≈≈≈≈≈≈≈≈≈≈≈≈≈≈#
#≈#≈≈≈≈≈≈≈≈...##≈###
≈≈≈≈≈≈≈≈≈≈..####T#
≈≈≈≈≈≈≈≈≈≈≈## #@#
≈≈≈≈≈≈≈≈≈≈.# #.#
≈≈≈≈≈≈≈≈≈≈## #≈#
≈≈≈≈≈≈≈≈≈## #≈#
#≈≈≈≈≈≈≈≈# ##≈##
≈≈≈≈≈≈≈.## #.≈[#
≈≈≈≈≈≈≈≈# #.∩)#
≈≈≈≈≈≈≈.# #...#
≈≈≈≈≈≈.## #####


You could see Purgy.

Vanquished Creatures
  Terence (D:2)
  4 adders (D:2)
  3 oozes
  3 worms (D:2)
  A dart slug (D:2)
  A leopard gecko (D:3)
  5 orcs (D:3)
  6 bats
  6 giant cockroaches
  8 goblins
  8 hobgoblins
  A jackal (D:2)
  5 kobolds
  3 quokkas
  3 ball pythons (Sewer)
  5 frilled lizards
  7 rats
70 creatures vanquished.

Notes
Turn   | Place    | Note
-------+----------+-------------------------------------------
     0 | D:1      | renl the Ghoul Monk began the quest for the Orb.
     0 | D:1      | Reached XP level 1. HP: 19/19 MP: 0/0
   141 | D:1      | Reached XP level 2. HP: 10/26 MP: 1/1
   350 | D:1      | Reached skill level 4 in Unarmed Combat
   460 | D:1      | Reached XP level 3. HP: 31/31 MP: 2/2
   637 | D:2      | Reached XP level 4. HP: 30/38 MP: 3/3
   789 | D:2      | Reached skill level 1 in Armour
   835 | D:2      | Reached skill level 5 in Unarmed Combat
  1169 | D:2      | Noticed Terence
  1176 | D:2      | Killed Terence
  1176 | D:2      | Reached XP level 5. HP: 40/45 MP: 4/4
  1456 | D:3      | Noticed gimmethegepgun's ghost (amateur DrTm)
  1469 | D:3      | Found a glowing drain.
  1508 | Sewer    | Entered a sewer
  1597 | Sewer    | Noticed Purgy
  1621 | Sewer    | HP: 2/45 [Purgy (1)]
  1622 | Sewer    | Slain by Purgy

Skill      XL: |  1  2  3  4 |
---------------+-------------+-----
Unarmed Combat | 4 5 |  5.7
Dodging        | 3 |  3.1
Armour         | 1 |  1.1
Fighting       | |  3.6
Stealth        | |  2.1

Action                   |  1- 3 |  4- 6 || total
-------------------------+-------+-------++-------
Melee: Unarmed           |    98 |   200 ||   298
       Punch             |     1 |     2 ||     3
 Stab: Sleeping          |     1 |       ||     1
  Eat: Chunk             |    10 |    18 ||    28
       Meat ration       |       |     1 ||     1
Armor: Robe              |     1 |       ||     1
       Ring mail         |    25 |    24 ||    49
       Scale mail        |       |   104 ||   104
Dodge: Dodged            |    45 |   150 ||   195
